 Dungeon Crawl Stone Soup version 0.20.1-1-g8b1a95d (webtiles) character file.

6128 Inchmeat the Spear-Bearer (level 10, -3/73 HPs)
             Began as a Merfolk Skald on Oct 26, 2017.
             Was a Priest of Dithmenos.
             Shot with an arrow by a centaur (8 damage)
             ... on level 11 of the Dungeon.
             The game lasted 00:30:33 (13308 turns).

Inchmeat the Spear-Bearer (Merfolk Skald)          Turns: 13308, Time: 00:30:34

Health: -3/73      AC:  7    Str: 13 (16) XL:     10   Next: 89%
Magic:  11/13      EV: 18    Int: 12      God:    Dithmenos [***...]
Gold:   289        SH:  0    Dex: 13      Spells: 0/13 levels left

rFire    . . .     SeeInvis .   v - +0 trident
rCold    . . .     Gourm    .   (no shield)
rNeg     . . .     Faith    .   n - +0 ring mail
rPois    .         Spirit   .   (no helmet)
rElec    .         Reflect  .   a - +0 cloak
rCorr    .         Harm     .   (no gloves)
MR       .....                  l - +0 pair of boots
Stlth    +++++.....             (no amulet)
Regen    0.3/turn               A - +4 ring of slaying
MPRegen  0.2/turn               z - +6 ring of evasion

@: shrouded, marked, wreathed by umbra
A: change form in water, swift swim, stealthy swim
a: Shadow Step, Renounce Religion


You were on level 11 of the Dungeon.
You worshipped Dithmenos.
Dithmenos was most pleased with you.
You were near starving.

You visited 1 branch of the dungeon, and saw 11 of its levels.

You collected 437 gold pieces.
You spent 148 gold pieces at shops.

Inventory:

Hand Weapons
 f - a +0 spear of venom
 v - a +0 trident (weapon)
Missiles
 j - 3 javelins (quivered)
Armour
 a - a +0 cloak (worn)
 l - a +0 pair of boots (worn)
 n - a +0 ring mail (worn)
Jewellery
 o - an uncursed ring of fire
 p - an uncursed ring of protection from cold
 r - an uncursed ring of ice
 s - an uncursed ring of positive energy {unknown}
 z - a +6 ring of evasion (right hand)
 A - a +4 ring of slaying (left hand)
Wands
 e - a wand of lightning (5/15)
 k - a wand of acid (7/15)
 D - a wand of confusion (30/48)
 H - a wand of flame (10/48)
Scrolls
 g - 11 scrolls of remove curse
 h - a scroll of magic mapping
 i - a scroll of enchant armour
 q - a scroll of enchant weapon
 x - a scroll of fog
 y - 3 scrolls of immolation
 G - a scroll of amnesia
Potions
 I - 2 potions of degeneration
Books
 c - a book of Battle

   Spells                             Type                      Level
   a - Infusion                       Charms                       1
   b - Shroud of Golubria             Charms/Translocation         2
   c - Song of Slaying                Charms                       2
   d - Spectral Weapon                Hexes/Charms                 3
   e - Regeneration                   Charms/Necromancy            3
 t - a book of Air

   Spells                             Type                      Level
   a - Shock                          Conjuration/Air              1
   b - Swiftness                      Charms/Air                   2
   c - Static Discharge               Conjuration/Air              3
   d - Airstrike                      Air                          4
   e - Lightning Bolt                 Conjuration/Air              5
 C - a book of Minor Magic

   Spells                             Type                      Level
   a - Magic Dart                     Conjuration                  1
   b - Blink                          Translocation                2
   c - Call Imp                       Summoning                    2
   d - Slow                           Hexes                        2
   e - Conjure Flame                  Conjuration/Fire             3
   f - Mephitic Cloud                 Conjuration/Poison/Air       3
 E - Sif Muna's Volume of Clay
   (You found it on level 8 of the Dungeon)

   Spells                             Type                      Level
   a - Sandblast                      Earth                        1
Comestibles
 d - 7 bread rations
 m - 2 royal jellies
 B - 28 fruits
 F - a meat ration


   Skills:
 - Level 4.4 Fighting
 - Level 14.1 Polearms
 - Level 0.6 Armour
 * Level 4.0 Dodging
 - Level 9.5 Stealth
 - Level 2.0 Spellcasting
 - Level 3.9 Hexes
 * Level 5.5 Charms
 - Level 3.3 Necromancy
 - Level 3.1 Translocations


You couldn't memorise any spells.
You knew the following spells:

 Your Spells              Type           Power        Failure   Level  Hunger
a - Infusion              Chrm           ##..         6%          1    ##.....
b - Shroud of Golubria    Chrm/Tloc      ##........   14%         2    ###....
c - Regeneration          Chrm/Necr      ##........   26%         3    ####...
d - Spectral Weapon       Hex/Chrm       ##......     24%         3    ####...
e - Song of Slaying       Chrm           ##......     9%          2    ###....
f - Blink                 Tloc           N/A          24%         2    ###....


Dungeon Overview and Level Annotations

Branches:
Dungeon (11/15)            Temple (0/1) D:6             Orc (0/2) D:10
   Lair: D:8-11

Altars:
Dithmenos
Gozag
Hepliaklqana
Qazlal
Ru
Sif Muna
Trog
Vehumet
Yredelemnul
The Shining One

Shops:
D:8 ?

Annotations:
D:10 exclusion: oklob plant
D:11 Harold


Message History

Deactivating autopickup; reactivate with Ctrl-A.
The orc barely misses you.
A black bear comes into view.
The centaur shoots an arrow.
The arrow hits you!
* * * LOW HITPOINT WARNING * * *
You see here an arrow.
Aiming: Shadow Step
Press: ? - help, Dir - move target cursor, f - black bear
Aim: a black bear (umbra) That shadow isn't sufficiently still.
Okay, then.
The kobold demonologist begins to cast a cantrip, but forgets the words!
The centaur shoots an arrow.
The arrow hits you.
* * * LOW HITPOINT WARNING * * *
Something hits you but does no damage.
You see here an arrow.
As you read the scroll of fog, it crumbles to dust.
The scroll dissolves into smoke.
The centaur shoots an arrow.
The arrow hits you!
You die...

# ...... #... .....
#....§ ....# #....§.
...# #...... #..#
#...... #§§# #......
#h§+ #...... #@§#
#...... ######§{#
##...... .....coo#
#....(.. ......Ko#
#....###
......Yo########.3..#
###.(...K.KKhs3.a...#
#.....K.YO.Ka........
#......K...@.........
#.#+#########...$.@..


You could see a black bear, a centaur and 2 orcs.

Vanquished Creatures
  Erica (D:8)
  2 hippogriffs
  A yak (D:5)
  Eustachio (D:4)
  A wyvern (D:9)
  A hungry ghost (D:7)
  Menkaure (D:6)
  7 ogres
  3 orc warriors
  5 phantoms
  2 sky beasts
  A necrophage (D:8)
  6 centaurs
  A big kobold (D:9)
  7 bullfrogs
  4 scorpions
  10 wights
  4 crimson imps
  2 quasits
  5 hounds
  Crazy Yiuf (D:5)
  3 centaur skeletons
  2 orc priests
  A bullfrog skeleton (D:8)
  6 orc wizards
  Terence (D:3)
  4 iguanas
  4 worker ants
  A hound skeleton (D:4)
  A howler monkey skeleton (D:6)
  14 gnolls
  9 adders
  A shadow imp (D:8)
  2 oozes
  An adder skeleton (D:9)
  2 worms (D:2)
  7 leopard geckos
  21 orcs
  4 giant cockroaches
  4 goblins
  12 hobgoblins
  4 jackals (D:2)
  6 quokkas
  2 ball pythons
  5 bats
  3 frilled lizards
  A giant cockroach zombie (D:5)
  2 jackal skeletons (D:8)
  12 kobolds
  A leopard gecko zombie (D:5)
  8 rats
210 creatures vanquished.

Notes
Turn   | Place    | Note
-------+----------+-------------------------------------------
     0 | D:1      | Inchmeat the Merfolk Skald began the quest for the Orb.
     0 | D:1      | Reached XP level 1. HP: 16/16 MP: 3/3
   339 | D:1      | Reached skill level 4 in Polearms
   339 | D:1      | Reached XP level 2. HP: 21/22 MP: 5/5
   828 | D:1      | Reached XP level 3. HP: 22/27 MP: 6/6
   924 | D:1      | Reached skill level 5 in Polearms
  1777 | D:2      | Reached skill level 6 in Polearms
  1777 | D:2      | Reached XP level 4. HP: 29/33 MP: 3/7
  1815 | D:2      | Found a shadowy altar of Dithmenos.
  1952 | D:2      | Became a worshipper of Dithmenos the Shadowed
  2319 | D:3      | Found a basalt altar of Yredelemnul.
  2320 | D:3      | Found a bloodstained altar of Trog.
  2417 | D:3      | Found a sacrificial altar of Ru.
  2539 | D:3      | Noticed Terence
  2560 | D:3      | Killed Terence
  2560 | D:3      | Reached skill level 7 in Polearms
  2560 | D:3      | Reached XP level 5. HP: 32/38 MP: 2/8
  3014 | D:4      | Found a stormy altar of Qazlal.
  3025 | D:4      | Noticed an air elemental
  3703 | D:2      | Reached skill level 8 in Polearms
  4172 | D:4      | Found an opulent altar of Gozag.
  4192 | D:4      | Noticed a water elemental
  4193 | D:4      | Noticed a fire elemental
  4215 | D:4      | Reached XP level 6. HP: 43/44 MP: 4/9
  4246 | D:4      | Noticed Eustachio
  4274 | D:4      | Killed Eustachio
  4274 | D:4      | Reached skill level 9 in Polearms
  4398 | D:4      | Reached skill level 10 in Polearms
  4398 | D:4      | Reached XP level 7. HP: 25/50 MP: 5/10
  4795 | D:4      | Reached * piety under Dithmenos
  5020 | D:4      | Reached skill level 11 in Polearms
  5253 | D:5      | Entered Level 5 of the Dungeon
  5574 | D:5      | Found a radiant altar of Vehumet.
  5685 | D:5      | Found a runed door.
  5995 | D:5      | Reached skill level 12 in Polearms
  6173 | D:5      | Noticed Crazy Yiuf
  6199 | D:5      | Killed Crazy Yiuf
  6526 | D:5      | Reached XP level 8. HP: 45/57 MP: 8/11
  6720 | D:6      | Found a glowing golden altar of the Shining One.
  6736 | D:6      | Noticed a yak
  6737 | D:6      | Noticed a yak
  6737 | D:6      | Noticed a yak
  6737 | D:6      | Noticed a yak
  6737 | D:6      | Noticed a yak
  6737 | D:6      | Noticed a yak
  6760 | D:5      | Killed a yak
  6760 | D:5      | Reached skill level 13 in Polearms
  7311 | D:6      | Learned a level 2 spell: Shroud of Golubria
  7317 | D:6      | Learned a level 3 spell: Regeneration
  7321 | D:6      | Learned a level 3 spell: Spectral Weapon
  7324 | D:6      | Learned a level 2 spell: Song of Slaying
  7326 | D:6      | Found a staircase to the Ecumenical Temple.
  7707 | D:7      | Reached skill level 14 in Polearms
  8063 | D:7      | Noticed a cyclops
  8070 | D:7      | Noticed a manticore
  8099 | D:6      | Reached skill level 1 in Stealth
  8099 | D:6      | Reached XP level 9. HP: 44/66 MP: 5/12
  8332 | D:6      | Reached ** piety under Dithmenos
  8563 | D:6      | Noticed Menkaure
  8570 | D:6      | Killed Menkaure
  8570 | D:6      | Reached skill level 5 in Charms
  8846 | D:6      | Reached skill level 1 in Hexes
  9028 | D:6      | Reached skill level 5 in Stealth
  9028 | D:6      | Reached skill level 1 in Necromancy
  9028 | D:6      | Reached skill level 1 in Translocations
 10409 | D:9      | Reached XP level 10. HP: 66/72 MP: 8/13
 10587 | D:9      | Reached *** piety under Dithmenos
 11389 | D:10     | Entered Level 10 of the Dungeon
 11389 | D:10     | Found a staircase to the Orcish Mines.
 11399 | D:8      | Found Hacusser's Magic Scroll Boutique.
 11399 | D:8      | Noticed Erica
 11409 | D:8      | Bought a scroll of amnesia for 38 gold pieces
 11409 | D:8      | Bought 2 scrolls of immolation for 77 gold pieces
 11409 | D:8      | Bought a scroll of teleportation for 33 gold pieces
 11627 | D:8      | Found a hazy altar of Hepliaklqana.
 12135 | D:8      | Killed Erica
 12527 | D:8      | Found a deep blue altar of Sif Muna.
 12548 | D:8      | Identified Sif Muna's Volume of Clay
 12656 | D:8      | Found a sacrificial altar of Ru.
 12666 | D:8      | Learned a level 2 spell: Blink
 13050 | D:10     | Noticed an oklob plant
 13250 | D:11     | Noticed Harold
 13261 | D:11     | Noticed a two-headed ogre
 13287 | D:11     | Noticed a kobold demonologist
 13308 | D:11     | Shot with an arrow by a centaur

Skill      XL: |  1  2  3  4  5  6  7  8  9 10 |
---------------+-------------------------------+-----
Polearms       | 4 6 7 8 10 12 14 | 14.1
Fighting       | 4 |  4.4
Stealth        | 1 6 9 |  9.5
Charms         | 5 |  5.5
Hexes          | 2 3 |  3.9
Necromancy     | 2 3 |  3.3
Translocations | 2 3 |  3.1
Dodging        | 4 |  4.0
Armour         | |  0.6
Spellcasting   | |  2.0

Action                   |  1- 3 |  4- 6 |  7- 9 | 10-12 || total
-------------------------+-------+-------+-------+-------++-------
Melee: Spear             |   152 |   165 |   111 |       ||   428
       Trident           |       |       |   339 |   225 ||   564
Throw: Javelin           |       |       |       |    13 ||    13
 Cast: Infusion          |    10 |    16 |    31 |    19 ||    76
       Shroud of Golubri |       |       |       |     4 ||     4
       Regeneration      |       |       |       |     2 ||     2
       Spectral Weapon   |       |       |       |     1 ||     1
  Use: Scroll            |       |     8 |     5 |    10 ||    23
       Potion            |       |       |     9 |    10 ||    19
 Stab: Sleeping          |     4 |     1 |     5 |     7 ||    17
       Invisible         |       |       |     5 |       ||     5
       Distracted        |       |       |     1 |     3 ||     4
  Eat: Chunk             |     2 |     5 |     7 |     5 ||    19
       Meat ration       |       |     1 |     2 |       ||     3
       Bread ration      |       |       |     1 |       ||     1
       Royal jelly       |       |       |       |     1 ||     1
Armor: Leather armour    |    22 |     9 |       |       ||    31
       Ring mail         |       |     8 |    59 |    23 ||    90
       Skin              |       |       |     3 |       ||     3
Dodge: Dodged            |    75 |    49 |   145 |   124 ||   393
